 Dungeon Crawl Stone Soup version 0.21.1-1-g345015fe64 (webtiles) character file.

312 Kohma the Gusty (level 6, -6/50 HPs)
             Began as a Draconian Air Elementalist on July 6, 2018.
             Was a Follower of Vehumet.
             Mangled by Purgy (7 damage)
             ... in a sewer.
             The game lasted 00:21:42 (5350 turns).

Kohma the Gusty (Draconian Air Elementalist)        Turns: 5350, Time: 00:21:43

Health: -6/50      AC:  6    Str: 11    XL:     6   Next: 18%
Magic:  0/10       EV: 12    Int: 17    God:    Vehumet [*.....]
Gold:   111        SH:  0    Dex: 11    Spells: 3/10 levels left

rFire    . . .     SeeInvis .   h - +1 dagger
rCold    . . .     Gourm    .   (no shield)
rNeg     . . .     Faith    .   (armour unavailable)
rPois    .         Spirit   .   (helmet restricted)
rElec    .         Reflect  .   (no cloak)
rCorr    .         Harm     .   (no gloves)
MR       .....                  (no boots)
Stlth    ++........             (no amulet)
HPRegen  0.16/turn              (no ring)
MPRegen  0.12/turn              (no ring)

@: no status effects
A: unfitting armour, cold-blooded, AC +6
a: Renounce Religion


You were in a sewer.
You worshipped Vehumet.
Vehumet was aware of your devotion.
You were not hungry.

You visited 1 branch of the dungeon, and saw 4 of its levels.
You also visited: Sewer.

You collected 111 gold pieces.

Inventory:

Hand Weapons
 c - a +3 spear
 h - a +1 dagger (weapon)
 v - a +0 hunting sling
Missiles
 j - 17 poisoned needles
 l - 61 stones
 n - 22 tomahawks (quivered)
 w - 2 needles of sleeping
Armour
 u - a +2 large shield
Magical Staves
 d - an uncursed staff of summoning
Jewellery
 k - an uncursed ring of magical power {unknown}
 s - an uncursed ring of resist corrosion {unknown}
Scrolls
 e - a scroll of blinking
 q - 2 scrolls of enchant weapon
 x - a scroll of teleportation
Potions
 g - 5 potions of curing
 i - a potion of magic {unknown}
 m - a potion of brilliance {unknown}
 p - a potion of lignification {unknown}
 r - 3 potions of might {unknown}
 t - 2 potions of flight {unknown}
 A - 3 potions of invisibility {unknown}
Books
 a - a book of Air

   Spells                             Type                      Level
   a - Shock                          Conjuration/Air              1
   b - Swiftness                      Charms/Air                   2
   c - Static Discharge               Conjuration/Air              3
   d - Airstrike                      Air                          4
   e - Lightning Bolt                 Conjuration/Air              5
Comestibles
 b - a ration
 f - 2 chunks of flesh


   Skills:
 + Level 2.5 Fighting
 - Level 1.7 Dodging
 - Level 1.7 Stealth
 + Level 2.9 Spellcasting
 * Level 3.7 Conjurations
 * Level 4.6 Air Magic


You had 3 spell levels left.
You knew the following spells:

 Your Spells              Type           Power        Failure   Level  Hunger
a - Shock                 Conj/Air       ###.         3%          1    #......
b - Swiftness             Chrm/Air       ##......     11%         2    ##.....
c - Static Discharge      Conj/Air       ###.....     10%         3    ###....
d - Magic Dart            Conj           ###.         3%          1    #......


Dungeon Overview and Level Annotations

Branches:
Dungeon (4/15)
 Temple: D:4-7

Altars:
Ashenzari
Fedhas
Gozag
Ru
Vehumet
Wu Jian
Zin

Annotations:
D:4 Grinder Sewer Purgy


Innate Abilities, Weirdness & Mutations

Your plain brown scales are hard. (AC +6)
You cannot fit into any form of body armour.
You are cold-blooded and may be slowed by cold attacks.


Message History

Purgy barely misses you.
You barely miss Purgy.
Purgy is almost dead.
Purgy bites you.
* * * LOW HITPOINT WARNING * * *
Purgy closely misses you. Purgy claws you but does no damage.
You barely miss Purgy.
Purgy is almost dead.
Purgy bites you but does no damage. Purgy claws you.
* * * LOW HITPOINT WARNING * * *
Purgy claws you but does no damage.
You closely miss Purgy.
Purgy is severely wounded.
Purgy bites you.
* * * LOW HITPOINT WARNING * * *
Purgy claws you but does no damage. x2
You hit Purgy.
Purgy is almost dead.
Purgy bites you!
You die...

#..'.≈≈≈.'%.#
####.≈≈≈.####
####.≈≈≈.####
#..'..∩....∩#
####.≈≈≈.####
####.≈≈≈.#
#..'.≈≈≈.+
####.≈≈≈T#
####.≈≈≈@#
#..'.≈≈≈.+
####.≈≈≈.#
####.≈≈≈.#
#[.'.≈≈≈.+
##########
#≈≈≈# #≈≈≈#
≈≈≈#


You could see Purgy.

Vanquished Creatures
  An orc wizard (D:3)
  Jessica (D:1)
  Robin (D:2)
  9 gnolls
  5 adders
  5 worms
  4 dart slugs
  2 leopard geckos
  4 orcs (D:3)
  5 giant cockroaches
  12 goblins
  9 hobgoblins
  6 jackals
  6 kobolds
  A quokka (D:4)
  A ball python (D:3)
  9 bats
  3 frilled lizards
  A jackal skeleton (D:4)
  7 rats
92 creatures vanquished.

Vanquished Creatures (others)
  A leopard gecko (D:2)
  A bat (D:2)
  A rat (D:2)
3 creatures vanquished.

Grand Total: 95 creatures vanquished

Notes
Turn   | Place    | Note
-------+----------+-------------------------------------------
     0 | D:1      | Kohma the Draconian Air Elementalist began the quest for the Orb.
     0 | D:1      | Reached XP level 1. HP: 14/14 MP: 3/3
   409 | D:1      | Reached XP level 2. HP: 22/22 MP: 0/5
   818 | D:1      | Reached skill level 1 in Fighting
  1083 | D:1      | Reached XP level 3. HP: 26/28 MP: 1/6
  1210 | D:1      | You fall through a shaft!
  1218 | D:2      | Noticed Jessica
  1335 | D:1      | Killed Jessica
  1377 | D:1      | Learned a level 2 spell: Swiftness
  1381 | D:1      | Learned a level 3 spell: Static Discharge
  1551 | D:2      | Reached XP level 4. HP: 34/35 MP: 7/7
  2123 | D:2      | Reached skill level 4 in Air Magic
  2147 | D:2      | Reached XP level 5. HP: 25/41 MP: 0/8
  2468 | D:2      | Found a radiant altar of Vehumet.
  2476 | D:2      | Became a worshipper of Vehumet
  2680 | D:2      | Noticed Robin
  2700 | D:2      | Killed Robin
  3280 | D:3      | Reached * piety under Vehumet
  3280 | D:3      | Offered knowledge of Magic Dart by Vehumet.
  3324 | D:3      | Learned a level 1 spell: Magic Dart
  3536 | D:3      | Found a shattered altar of Ashenzari.
  3755 | D:3      | Found a glowing silver altar of Zin.
  3920 | D:3      | Found a blossoming altar of Fedhas.
  3959 | D:3      | Reached XP level 6. HP: 42/50 MP: 3/10
  4141 | D:3      | Found a sacrificial altar of Ru.
  4354 | D:3      | Found an opulent altar of Gozag.
  4579 | D:3      | Found an ornate altar of the Wu Jian Council.
  4749 | D:4      | Noticed Grinder
  4760 | D:4      | Paralysed by Grinder for 2 turns
  5122 | D:4      | Paralysed by Grinder for 3 turns
  5143 | D:4      | Paralysed by Grinder for 4 turns
  5150 | D:4      | Found a glowing drain.
  5155 | Sewer    | Entered a sewer
  5291 | Sewer    | Noticed Purgy
  5349 | Sewer    | HP: 1/50 [Purgy (4)]
  5350 | Sewer    | Mangled by Purgy

Skill      XL: |  1  2  3  4  5 |
---------------+----------------+-----
Fighting       | 1 2 |  2.5
Conjurations   | 2 3 |  3.7
Air Magic      | 4 |  4.6
Dodging        | |  1.7
Stealth        | |  1.7
Spellcasting   | |  2.9

Action                   |  1- 3 |  4- 6 || total
-------------------------+-------+-------++-------
Melee: Hand axe          |     5 |       ||     5
       Mace              |     3 |    17 ||    20
       Tailslap          |       |     8 ||     8
       Dagger            |       |    78 ||    78
 Fire: Hunting sling     |       |    11 ||    11
 Cast: Shock             |    55 |   104 ||   159
       Swiftness         |       |     2 ||     2
       Magic Dart        |       |    70 ||    70
  Use: Scroll            |       |     9 ||     9
       Potion            |       |     3 ||     3
 Stab: Sleeping          |       |     2 ||     2
  Eat: Chunk             |     3 |     7 ||    10
       Ration            |       |     2 ||     2
Armor: Skin              |    12 |    92 ||   104
Dodge: Dodged            |    34 |   143 ||   177
